 Dungeon Crawl Stone Soup version 0.29-a0-330-g52719c12eb (webtiles) character file.

Game seed: 15145804358751560069

6384 vineage the Fighter (level 10, -2/76 HPs)
             Began as a Gargoyle Fighter on May 25, 2022.
             Was an Elder of Okawaru.
             Killed from afar by an efreet (24 damage)
             ... with a bolt of fire
             ... on level 9 of the Dungeon.
             The game lasted 00:10:50 (10403 turns).

vineage the Fighter (Gargoyle Fighter)             Turns: 10403, Time: 00:10:50

Health: -2/76      AC: 21    Str: 22    XL:     10   Next: 97%
Magic:  10/10      EV:  6    Int: 13    God:    Okawaru [****..]
Gold:   527        SH: 11    Dex: 17    Spells: 9/9 levels left

rFire   . . .      SeeInvis .   a - +1 flail (flame)
rCold   + . .      Faith    .   c - +0 buckler
rNeg    + . .      Spirit   .   s - +0 plate armour
rPois   ∞          Reflect  +   (no helmet)
rElec   +          Harm     .   l - +0 cloak
rCorr   .          Rampage  .   (no gloves)
Will    .....      Clarity  +   (no boots)
Stlth   ..........              u - amulet "Boimpuig" {Reflect Int+4 SH+5}
HPRegen 0.22/turn               i - +6 ring of dexterity
MPRegen 0.12/turn               g - ring of protection from cold

@: invisible
A: sickness immunity, AC +7, negative energy resistance 1, electricity
resistance, torment resistance 1, petrification resistance, clarity, wild magic
1, noise suppression
a: Renounce Religion, Heroism, Finesse


You were on level 9 of the Dungeon.
You worshipped Okawaru.
Okawaru was greatly pleased with you.
You visited 2 branches of the dungeon, and saw 10 of its levels.

You collected 527 gold pieces.

Inventory:

Hand Weapons
 a - a +1 flail of flaming (weapon)
Armour
 c - a +0 buckler (worn)
 l - a +0 cloak (worn)
 s - a +0 plate armour (worn)
Jewellery
 f - a ring of resist corrosion
 g - a ring of protection from cold (right hand)
 i - a +6 ring of dexterity (left hand)
 k - an amulet of magic regeneration
 o - a ring of see invisible
 u - the amulet "Boimpuig" (around neck) {Reflect Int+4 SH+5}
   (You acquired it on level 8 of the Dungeon)

   [amulet of reflection]

   It reflects blocked missile attacks.
   Int:       It affects your intelligence (+4).
   SH:        It affects your SH (+5).
 y - a +4 ring of slaying
Wands
 m - a wand of iceblast (8)
 t - a wand of digging (5)
Scrolls
 e - 2 scrolls of noise
 q - 3 scrolls of enchant weapon
 v - a scroll of identify
Potions
 d - 4 potions of haste
 h - 5 potions of curing
 j - a potion of attraction
 n - a potion of magic
 p - 2 potions of heal wounds
 r - 2 potions of brilliance {unknown}


   Skills:
 + Level 14.4 Fighting
 + Level 5.7 Maces & Flails
 + Level 6.7 Armour
 + Level 6.8 Shields
 + Level 2.0 Evocations


You had 9 spell levels left.
You didn't know any spells.
Your spell library contained the following spells:

 Spells                   Type           Power      Damage    Failure   Level
 Apportation              Tloc           0%         N/A       100%        1
 Sandblast                Erth           0%         2d4       100%        1
 Passwall                 Tmut/Erth      0%         N/A       100%        2
 Frozen Ramparts          Ice            0%         1d2       100%        3
 Stone Arrow              Conj/Erth      0%         3d7       100%        3
 Ice Form                 Ice/Tmut       0%         N/A       100%        4
 Animate Skeleton         Necr           Unusable   N/A       N/A         1
 Summon Small Mammal      Summ           Unusable   N/A       N/A         1
 Summon Ice Beast         Ice/Summ       Unusable   N/A       N/A         4

Dungeon Overview and Level Annotations

Branches:
Dungeon (9/15)             Temple (1/1) D:5
   Lair: D:8-11         Orc: D:9-12

Altars:
Ashenzari
Cheibriados
Dithmenos
Elyvilon
Hepliaklqana
Nemelex Xobeh
Okawaru
Ru
Wu Jian
Xom
Zin


Innate Abilities, Weirdness & Mutations

You are immune to sickness and miasma.
Your stone body is resilient. (AC +7)
You are immune to poison.
You resist negative energy. (rN+)
You are resistant to electric shocks. (rElec)
You are resistant to unholy torment.
You are immune to petrification.
You possess an exceptional clarity of mind.
Your spells are a little harder to cast, but a little more powerful.
You passively dampen the noise of your surroundings.


Message History

The orc wizard shouts!
You hear an angry buzzing noise.
The vampire mosquito bites you.
* * * LOW HITPOINT WARNING * * *
An orc warrior and an efreet come into view.
The efreet is wielding a +1 scimitar of flaming.
Found a ring mail.
The orc warrior shouts!
The vampire mosquito bites you.
* * * LOW HITPOINT WARNING * * *
You open the door.
The vampire mosquito bites you but does no damage.
You block the troll's attack. The troll barely misses you.
The troll claws you but does no damage.
A cyclops comes into view.
A bullfrog and an acid dragon come into view.
Found a potion of curing and 19 stones.
The bullfrog gives a loud, deep croak!
The acid dragon roars!
A vampire mosquito comes into view.
You block the vampire mosquito's attack.
The cyclops moves out of view.
There is an open door here.
Okay, then.
You feel much better.
The vampire mosquito buzzes angrily.
You hear a shout!
You block the vampire mosquito's attack.
The vampire mosquito closely misses you.
A catoblepas comes into view.
The catoblepas bellows!
You fade into invisibility!
The vampire mosquito closely misses you.
The bullfrog hits you but does no damage.
The vampire mosquito bites you.
* * * LOW HITPOINT WARNING * * *
You block the bullfrog's attack. The acid dragon spits acid at you.
The splash of acid hits the bullfrog!!
The acid corrodes the bullfrog!
The efreet gestures at you.
The bolt of fire hits the vampire mosquito!!
The bolt of fire hits you!!
You die...

#....... ....... #.......
.......##########.......
...(....................
.....!.......>..........
....D...................
..#.......#######.<.....
......F.................
###@# ###+###.......
#.y####.#.#[#.......
#.T#..#.#.#.#.......
8.8.8R##[#.'.#.#.'.......
.8.8°##†.#(#.#)#.#.......
8.8.8 #)####.....#.......
##°# ##'# ###+###......#


.Yy #.....# #......# oC #.###.# #.....:. You could see a catoblepas (can't see
you), a troll (can't see you), an efreet (can't see you), an acid dragon (can't
see you, catching breath), 2 vampire mosquitoes and a bullfrog (wandering, can't
see you, corroded).

Vanquished Creatures
  A two-headed ogre (D:9)
  A centaur warrior (D:9)
  Pikel (D:3)
  2 slime creatures (D:9)
  A wyvern (D:7)
  A wraith (D:9)
  A basilisk (D:9)
  A steam dragon (D:9)
  Edmund (D:6)
  2 water moccasins (D:7)
  3 ice beasts
  2 sky beasts
  2 black bears
  2 ogres
  2 centaurs (D:8)
  2 lemures (D:3)
  A phantom (D:5)
  2 bullfrogs
  A kobold brigand (D:7)
  5 necrophages
  A gnoll sergeant (D:8)
  3 scorpions
  6 wights
  3 killer bees (D:8)
  4 howler monkeys
  5 hounds
  A gnoll shaman (D:8)
  Crazy Yiuf (D:4)
  4 orc priests
  3 jellies (D:5)
  5 iguanas
  Terence (D:2)
  6 orc wizards
  18 gnolls
  10 adders
  A white imp (D:7)
  4 worms
  31 orcs
  6 endoplasms
  3 giant cockroaches
  9 goblins
  6 hobgoblins
  3 jackals (D:1)
  12 kobolds
  A quokka (D:3)
  7 ball pythons
  2 bats
  2 frilled lizards
  A rat (D:2)
193 creatures vanquished.

Vanquished Creatures (others)
  2 fungi (D:5)
2 creatures vanquished.

Grand Total: 195 creatures vanquished

Notes
Turn   | Place    | Note
-------+----------+-------------------------------------------
     0 | D:1      | vineage the Gargoyle Fighter began the quest for the Orb.
     0 | D:1      | Reached XP level 1. HP: 14/14 MP: 1/1
   319 | D:1      | Reached XP level 2. HP: 19/20 MP: 2/2
   417 | D:1      | Reached skill level 4 in Fighting
   479 | D:1      | Found a faded altar of an unknown god.
   977 | D:2      | Reached XP level 3. HP: 24/24 MP: 3/3
  1093 | D:2      | Reached skill level 5 in Fighting
  1547 | D:2      | Reached XP level 4. HP: 31/31 MP: 4/4
  1681 | D:2      | Noticed Terence
  1691 | D:2      | Killed Terence
  2039 | D:3      | Noticed a black bear
  2059 | D:3      | Killed a black bear
  2060 | D:3      | Reached skill level 6 in Fighting
  2060 | D:3      | Reached XP level 5. HP: 13/37 MP: 5/5
  2581 | D:3      | Reached skill level 7 in Fighting
  2581 | D:3      | Reached XP level 6. HP: 36/44 MP: 6/6
  3300 | D:3      | Gained mutation: Your spells are a little harder to cast,
                  | but a little more powerful. [potion of mutation]
  3300 | D:3      | Gained mutation: You possess an exceptional clarity of
                  | mind. [potion of mutation]
  3300 | D:3      | Gained mutation: You passively dampen the noise of your
                  | surroundings. [potion of mutation]
  3400 | D:4      | Reached skill level 8 in Fighting
  3638 | D:4      | Reached XP level 7. HP: 43/50 MP: 7/7
  3745 | D:4      | Noticed Pikel
  3810 | D:3      | Killed Pikel
  3811 | D:3      | Reached skill level 10 in Fighting
  3811 | D:3      | Reached XP level 8. HP: 15/58 MP: 8/8
  4162 | D:5      | Entered Level 5 of the Dungeon
  4177 | D:5      | Reached skill level 11 in Fighting
  4747 | D:4      | Found a runed translucent door.
  4748 | D:4      | Noticed Crazy Yiuf
  4758 | D:4      | Killed Crazy Yiuf
  5344 | D:5      | Found a staircase to the Ecumenical Temple.
  5377 | Temple   | Entered the Ecumenical Temple
  5436 | Temple   | Became a worshipper of Warmaster Okawaru
  5541 | D:5      | Reached skill level 12 in Fighting
  5840 | D:5      | Reached XP level 9. HP: 64/66 MP: 9/9
  5953 | D:5      | Reached skill level 13 in Fighting
  6138 | D:5      | Noticed a two-headed ogre
  6663 | D:6      | Found a white marble altar of Elyvilon.
  6687 | D:6      | Reached * piety under Okawaru
  6699 | D:6      | Noticed Edmund
  6712 | D:6      | Killed Edmund
  7643 | D:7      | Reached ** piety under Okawaru
  7714 | D:7      | HP: 3/68 [iguana (8)]
  7720 | D:7      | HP: 1/68 [orc/+0 hand axe (3)]
  8314 | D:7      | Reached skill level 5 in Shields
  8335 | D:7      | Reached XP level 10. HP: 73/74 MP: 10/10
  8643 | D:7      | Reached skill level 5 in Armour
  9216 | D:8      | Identified a scroll of acquirement
  9216 | D:8      | Acquired the amulet "Boimpuig" {Reflect Int+4 SH+5}
  9542 | D:8      | Reached skill level 14 in Fighting
  9984 | D:8      | Reached *** piety under Okawaru
 10119 | D:9      | Noticed a two-headed ogre
 10128 | D:9      | Killed a two-headed ogre
 10129 | D:9      | Reached skill level 5 in Maces & Flails
 10237 | D:9      | Noticed a centaur warrior
 10266 | D:9      | Reached skill level 1 in Evocations
 10300 | D:9      | Killed a centaur warrior
 10300 | D:9      | Reached **** piety under Okawaru
 10401 | D:9      | Noticed a cyclops
 10402 | D:9      | Noticed a catoblepas
 10403 | D:9      | Killed from afar by an efreet

Illustrated notes

Levels and vault maps discovered:
D:1:      tarquinn_simple_flora_water_e, layout_basic,
          dilly_ecumenical_altar_fadedgnrine
D:2:      layout_basic, uniq_terence
D:3:      layout_loops_ring
D:4:      layout_cave_pools, uniq_pikel, uniq_crazy_yiuf_cottage
D:5:      wad_river_or_something, layout_rooms, temple_pool_b, serial_aquarium,
          aquarium_bridge_straight [aquarium_subvault_bridge,
          aquarium_subvault_balcony, aquarium_subvault_bridge,
          aquarium_subvault_wall], aquarium_window_1, aquarium_window_2,
          aquarium_window_fake, aquarium_window_1, aquarium_view_2e,
          aquarium_view_2c, aquarium_balcony_1a, aquarium_pool_split,
          uniq_eustachio
D:6:      layout_loops_ring, general_overflow_altar, uniq_edmund
D:7:      layout_layer_cave, enter_bailey_2
D:8:      layout_loops_ring
D:9:      minmay_the_grid_square_5x5_4x4 [minmay_the_grid_square_5x5_shrine1,
          minmay_the_grid_square_5x5_minivault,
          minmay_the_grid_square_5x5_checkered_sparse,
          minmay_the_grid_square_5x5_c, minmay_the_grid_square_5x5_broken_cross,
          minmay_the_grid_square_5x5_prize_gold,
          minmay_the_grid_square_5x5_prize_junk,
          minmay_the_grid_square_5x5_checkered_statues,
          minmay_the_grid_square_5x5_inner_v,
          minmay_the_grid_square_5x5_prize_open,
          minmay_the_grid_square_5x5_prize_deathbox,
          minmay_the_grid_square_5x5_tetrominoes,
          minmay_the_grid_square_5x5_dogpile,
          minmay_the_grid_square_5x5_beaten_path,
          minmay_the_grid_square_5x5_gyroscope,
          minmay_the_grid_square_5x5_three], layout_rooms
Temple:   mainiacjoe_temple_circle_huts

Skill      XL: |  1  2  3  4  5  6  7  8  9 10 |
---------------+-------------------------------+-----
Fighting       | 4 5 6 7 8 10 12 13 14 | 14.4
Armour         | 4 6 |  6.7
Shields        | 5 6 |  6.8
Maces & Flails | 3 5 |  5.7
Evocations     | 2 |  2.0

Action                   |  1- 3 |  4- 6 |  7- 9 | 10-12 || total
-------------------------+-------+-------+-------+-------++-------
Melee: Flail             |    95 |   127 |   391 |   208 ||   821
Invok: Heroism           |       |       |       |     3 ||     3
  Use: Scroll            |     4 |     7 |     4 |     5 ||    20
       Potion            |       |     1 |     6 |     4 ||    11
Armor: Scale mail        |    54 |    74 |   236 |       ||   364
       Plate armour      |       |       |   126 |   183 ||   309
Dodge: Dodged            |    52 |    67 |   207 |    62 ||   388
Block: Buckler           |    27 |    30 |   155 |   133 ||   345
       Reflection        |       |       |       |     2 ||     2

Table legend: (Time is in decaauts)
 A = Elapsed time spent in this place.
 B = Non-inter-level travel time spent in this place.
 C = Inter-level travel time spent in this place.
 D = Time resting spent in this place.
 E = Time spent auto-exploring this place.
 F = Levels seen in this place.
 G = Mean time per level.
                   A        B        C        D        E       F      G
               +--------+--------+--------+--------+--------+-----+--------+
         Total |  10640 |  10308 |    332 |   1945 |   6575 |  10 | 1064.0 |
       Dungeon |  10559 |  10258 |    301 |   1945 |   6536 |   9 | 1173.2 |
        Temple |     80 |     49 |     31 |      0 |     39 |   1 |   80.0 |
               +--------+--------+--------+--------+--------+-----+--------+

Top non-repeatable levels by time:
     D:3: 1584 daAuts
     D:7: 1555 daAuts
     D:6: 1358 daAuts
     D:4: 1314 daAuts
     D:5: 1259 daAuts
     D:2: 1105 daAuts
     D:8: 1045 daAuts
     D:1: 970 daAuts
     D:9: 365 daAuts
  Temple: 80 daAuts
